 Dungeon Crawl Stone Soup version 0.18.1-48-g4cf74bf (webtiles) character file.

117 senseless the Skirmisher (level 5, -3/47 HPs)
             Began as a Hill Orc Fighter on Aug 5, 2016.
             Slain by a worm (5 damage)
             ... on level 3 of the Dungeon.
             The game lasted 00:07:19 (1883 turns).

senseless the Skirmisher (Hill Orc Fighter)         Turns: 1883, Time: 00:07:20

Health: -3/47      AC:  8    Str: 19    XL:     5   Next: 1%
Magic:  6/6        EV:  7    Int:  9    God:
Gold:   191        SH:  9    Dex: 10    Spells: 0 memorised, 5 levels left

rFire  . . .     SeeInvis .     a - +0 war axe
rCold  . . .     Gourm    .     b - +0 scale mail
rNeg   . . .     Faith    .     c - +0 shield
rPois  .         Spirit   .     (no helmet)
rElec  .         Dismiss  .     (no cloak)
rCorr  .         Reflect  .     p - +0 pair of gloves
SustAt .         Harm     .     (no boots)
MR     .....                    (no amulet)
Stlth  ..........               (no ring)
                                (no ring)

@: not resistant to hostile enchantments, extremely unstealthy
A: no striking features
a: no special abilities


You were on level 3 of the Dungeon.
You were not hungry.

You visited 1 branch of the dungeon, and saw 3 of its levels.

You collected 191 gold pieces.

Inventory:

Hand Weapons
 a - a +0 war axe (weapon)
Armour
 b - a +0 scale mail (worn)
 c - a +0 shield (worn)
 p - a +0 pair of gloves (worn)
Wands
 q - a wand of enslavement (10/24)
Scrolls
 e - 4 scrolls of remove curse {unknown}
 h - 4 scrolls of identify {unknown}
 i - 2 scrolls of fear {unknown}
 j - a scroll of noise {unknown}
 k - a scroll of immolation {unknown}
 m - a scroll of teleportation {unknown}
Potions
 d - a potion of might
 g - a potion of flight {unknown}
 l - a potion of lignification {unknown}
 o - 3 potions of heal wounds {unknown}
 r - 2 potions of resistance {unknown}
Comestibles
 f - 2 bread rations
 n - a royal jelly
 t - a meat ration


   Skills:
 * Level 4.9 Fighting
 + Level 3.8 Axes
 + Level 3.7 Armour
 + Level 3.8 Shields
 + Level 0.9 Spellcasting


You had 5 spell levels left.
You didn't know any spells.

Dungeon Overview and Level Annotations

Branches:
Dungeon (3/15)

Altars:
Gozag
Yredelemnul


Message History

The orc wizard hits you but does no damage.
The orc wizard mumbles some strange words.
The orc wizard seems to speed up.
All of the chunks of flesh in your inventory have rotted away.
You miss the orc wizard.
The orc wizard is almost dead.
You hit the worm.
The worm is moderately wounded.
The orc wizard gestures at you while chanting.
The magic dart hits you!
* * * LOW HITPOINT WARNING * * *
You block the orc wizard's attack.
You slash the orc wizard!
You kill the orc wizard!
You have reached level 5!
You feel stronger.
You hit the worm.
The worm is heavily wounded.
The worm bites you.
You die...

## ##..###ยง.....#
.#####...)......##......
.......###....>......#..
..####.# #.............
.## #.# #.......%.... .#
#o# #..........# .# #w#
#........(.# .# #.#
#...<...w..# .# #.#
#.....)@)..# ## #.#
#########.## #.# ##..#
#.#########..##
#..##.......##
##...(####### #.#### #.#
###


You could see a worm.

Vanquished Creatures
  An orc wizard (D:3)
  3 adders (D:2)
  An ooze (D:1)
  A worm (D:3)
  A dart slug (D:2)
  A giant gecko (D:2)
  6 orcs (D:3)
  4 bats
  2 giant cockroaches
  5 goblins
  7 hobgoblins
  A giant newt (D:1)
  8 kobolds
  2 rats (D:2)
43 creatures vanquished.

Notes
Turn   | Place    | Note
--------------------------------------------------------------
     0 | D:1      | senseless the Hill Orc Fighter began the quest for the Orb.
     0 | D:1      | Reached XP level 1. HP: 19/19 MP: 1/1
   393 | D:1      | Reached XP level 2. HP: 27/27 MP: 2/2
   704 | D:2      | Found an opulent altar of Gozag.
   794 | D:2      | Reached skill level 4 in Fighting
   831 | D:2      | Reached XP level 3. HP: 32/33 MP: 3/3
   872 | D:2      | Found a basalt altar of Yredelemnul.
  1451 | D:2      | Reached XP level 4. HP: 41/41 MP: 4/4
  1882 | D:3      | HP: 1/41 [orc wizard/magic dart (6)]
  1883 | D:3      | Reached XP level 5. HP: 1/47 MP: 6/6
  1883 | D:3      | Slain by a worm

Skill      XL: |  1  2 |
---------------+-------+-----
Axes           | 3 |  3.8
Fighting       | 4 |  4.9
Armour         | |  3.7
Shields        | |  3.8
Spellcasting   | |  0.9

Action                   |  1- 3 |  4- 6 || total
-------------------------+-------+-------++-------
Melee: War axe           |   120 |    52 ||   172
  Eat: Chunk             |     2 |     1 ||     3
Armor: Scale mail        |    57 |    13 ||    70
Dodge: Dodged            |    45 |     9 ||    54
Block: Shield            |    65 |    22 ||    87
